 Dungeon Crawl Stone Soup version 0.21-a0-552-g593960d (webtiles) character file.

24 polly the Skirmisher (level 2, 0/24 HPs)
             Began as a Demonspawn Berserker on Dec 18, 2017.
             Was a Follower of Trog.
             Succumbed to a goblin's poison
             ... on level 2 of the Dungeon.
             The game lasted 00:01:41 (1126 turns).

polly the Skirmisher (Demonspawn Berserker)         Turns: 1126, Time: 00:01:41

Health: 0/24       AC:  2    Str: 17    XL:     2   Next: 79%
Magic:  2/2        EV: 12    Int:  8    God:    Trog [*.....]
Gold:   32         SH:  0    Dex: 12    Spells: 1/1 levels left

rFire    . . .     SeeInvis +   a - +0 mace
rCold    . . .     Gourm    .   (no shield)
rNeg     . . .     Faith    .   b - +0 animal skin
rPois    .         Spirit   .   (helmet restricted)
rElec    .         Reflect  .   (no cloak)
rCorr    .         Harm     .   (no gloves)
MR       .....                  (no boots)
Stlth    +.........             (no amulet)
HPRegen  0.08/turn              f - ring of see invisible
MPRegen  0.08/turn              n - +2 ring of slaying

@: lethally poisoned (0 -> -8), berserk cooldown, slowed, very slow
A: antennae 1
a: Berserk, Burn Spellbooks, Renounce Religion


You were on level 2 of the Dungeon.
You worshipped Trog.
Trog was aware of your devotion.
You were very hungry.

You visited 1 branch of the dungeon, and saw 2 of its levels.

You collected 32 gold pieces.

Inventory:

Hand Weapons
 a - a +0 mace (weapon)
Missiles
 q - a throwing net (quivered)
Armour
 b - a +0 animal skin (worn)
Jewellery
 f - a ring of see invisible (left hand)
 n - a +2 ring of slaying (right hand)
Scrolls
 d - 3 scrolls of identify {unknown}
 e - a scroll of fog {unknown}
 g - a scroll of fear {unknown}
 i - 2 scrolls of enchant weapon {unknown}
 j - a scroll of amnesia {unknown}
Potions
 h - a potion of heal wounds {unknown}
 k - a potion of mutation {unknown}
 m - a potion of magic {unknown}
 o - 2 potions of flight {unknown}
 p - a potion of haste {unknown}
Comestibles
 c - 2 bread rations
 l - a meat ration


   Skills:
 + Level 3.2 Fighting
 + Level 3.1 Maces & Flails
 + Level 2.1 Armour
 + Level 1.9 Dodging
 + Level 0.4 Stealth


You had one spell level left.
You didn't know any spells.

Dungeon Overview and Level Annotations

Branches:
Dungeon (2/15)

Altars:


Innate Abilities, Weirdness & Mutations

You have a pair of small antennae on your head.


Message History

You sock the goblin!
You feel the power of Trog in you as your rage grows.
You kill the goblin!
Trog accepts your kill.
* * * LOW HITPOINT WARNING * * *
You feel sick.
Things that are here:
a dagger of venom; a club; a goblin corpse You feel a strong urge to attack something.
* * * LOW HITPOINT WARNING * * *
You feel sick.
* * * LOW HITPOINT WARNING * * *
You feel sick.
You feel your anger nearly subside.
You are no longer berserk.
You are exhausted.
You feel yourself slow down.
* * * LOW HITPOINT WARNING * * *
You feel sick.
You die...

#.###### #......# ###.### #.....#
#####.###.#####
#############.....# #......
#######...........#.###.###.#####
w.......#...w...@.........).#####
#.........###.###.........<.)....
#...####### #)# #################
##. #.# # # #.######## #
#......... # ########## . #


You could see a worm.

Vanquished Creatures
  2 oozes (D:1)
  A leopard gecko (D:2)
  3 goblins
  A hobgoblin (D:1)
  2 frilled lizards (D:1)
  5 kobolds
  A rat (D:1)
15 creatures vanquished.

Notes
Turn   | Place    | Note
-------+----------+-------------------------------------------
     0 | D:1      | polly the Demonspawn Berserker began the quest for the Orb.
     0 | D:1      | Reached XP level 1. HP: 18/18 MP: 1/1
   376 | D:1      | Gained mutation: You have a pair of small antennae on your head. [demonic ancestry]
   376 | D:1      | Reached XP level 2. HP: 10/24 MP: 2/2
  1125 | D:2      | HP: 1/24 [poisoned by a goblin]
  1126 | D:2      | Succumbed to a goblin's poison

Vault maps used:
D:1:      minmay_arrival_up_and_down
D:2:      okawaru_trees_2

Skill      XL: |  1  2 |
---------------+-------+-----
Maces & Flails | 3 |  3.1
Armour         | 2 |  2.1
Fighting       | |  3.2
Dodging        | |  1.9
Stealth        | |  0.4

Action                   || total
-------------------------++-------
Melee: Mace              ||    57
Invok: Berserk           ||     1
 Stab: Sleeping          ||     1
Armor: Animal skin       ||     6
Dodge: Dodged            ||    33

Table legend:
 A = Spawn XP
 B = Non-spawn XP
 C = Spawn XP percentage of total XP
 D = Spawn monster count
 E = Non-spawn monster count
 F = Spawn count percentage of total count
 G = Total turns spent on level
                    A         B        C        D         E        F      G
               +---------+---------+-------+---------+---------+-------+---------
         Total |       0 |      35 |   0.0 |       0 |      15 |   0.0 |  1126
               +---------+---------+-------+---------+---------+-------+---------
           D:1 |       0 |      25 |   0.0 |       0 |      10 |   0.0 |  1039
           D:2 |       0 |      10 |   0.0 |       0 |       5 |   0.0 |    87
               +---------+---------+-------+---------+---------+-------+---------
